 Dungeon Sprint DCSS version 0.16-a0-3841-g2612308 (console) character file.

0 Monkaria the Chopper (level 3, -4/36 HPs)
             Began as a Hill Orc Fighter on Jan 30, 2015.
             Slain by an orc warrior
             ... wielding a +0 dire flail
              (8 damage)
             ... in the Dungeon (Sprint VI: "Thunderdome").
             The game lasted 00:01:04 (114 turns).

Monkaria the Chopper (Hill Orc Fighter)              Turns: 114, Time: 00:01:04

Health: -4/36      AC:  6    Str: 21    XL:     3   Next: 25%
Magic:  3/3        EV:  7    Int: 14    God:
Gold:   65         SH:  9    Dex: 12    Spells: 0 memorised, 2 levels left

rFire  . . .     SeeInvis .     a - +0 war axe
rCold  + . .     Clarity  .     b - +0 scale mail
rNeg   + . .     SustAb   .     c - +0 shield
rPois  .         Gourm    .     (no helmet)
rElec  .         Spirit   .     (no cloak)
rCorr  .         Warding  .     (no gloves)
rMut   .         NoTele   +     (no boots)
MR     .....                    (no amulet)
Stlth  ..........               q - ring "Twaij" {Str+2 Int+6}
                                r - ring of the Evening {rC+ rN+ Dex+2}

@: not resistant to hostile enchantments, extremely unstealthy
A: no striking features
a: no special abilities


You were in the Dungeon.
You were not hungry.

You visited 1 branch You collected 200 gold pieces.
You spent 135 gold pieces at shops.

Inventory:

Hand weapons
 a - a +0 war axe (weapon)
Armour
 b - a +0 scale mail (worn)
 c - a +0 shield (worn)
Jewellery
 p - the ring of the Dolphin {Wiz Int+3}
   (You bought it in a shop in the Dungeon)

   [ring of wizardry]

   It improves your spell success rate.
   It affects your intelligence (+3).
 q - the ring "Twaij" (right hand) {Str+2 Int+6}
   (You bought it in a shop in the Dungeon)

   [ring of strength]

   It affects your strength (+2).
   It affects your intelligence (+6).
 r - the ring of the Evening (left hand) {rC+ rN+ Dex+2}
   (You bought it in a shop in the Dungeon)

   [ring of positive energy]

   It affects your dexterity (+2).
   It protects you from cold.
   It protects you from negative energy.
Magical devices
 m - a wand of cold (5)
 n - a wand of fire (5)
Scrolls
 k - 4 scrolls of blinking
 o - 3 scrolls of fog
Potions
 e - a potion of might
 f - a potion of curing
 g - 4 potions of heal wounds
 h - 4 potions of haste
 i - 2 potions of magic
 j - a potion of berserk rage
 l - 2 potions of resistance
Comestibles
 d - a meat ration


   Skills:
 + Level 5.5 Fighting
 * Level 7.1 Axes
 - Level 3.2 Armour
 - Level 3.2 Shields


You had 2 spell levels left.
You didn't know any spells.

Dungeon Overview and Level Annotations

Branches:
Dungeon (1/1)

Altars:
Cheibriados
Dithmenos
Elyvilon
Fedhas
Gozag
Kikubaaqudgha
Makhleb
Nemelex Xobeh
Okawaru
Qazlal
Ru
Sif Muna
Trog
Vehumet
Xom
Yredelemnul
Zin
The Shining One
Jiyva
Lugonu

Shops:
D *[%??*?*:[((!!!!


Message History

The orc warrior hits you with a dire flail.
The orc warrior barely misses you.
You barely miss the orc warrior.
The orc warrior is lightly wounded.
You block the orc warrior's attack.
You slash the orc warrior!
The orc warrior is moderately wounded.
The orc warrior hits you with a dire flail!
* * * LOW HITPOINT WARNING * * *
Your shield and scale mail prevent you from hitting the orc warrior.
The orc warrior is moderately wounded.
You block the orc warrior's attack.
Your shield and scale mail prevent you from hitting the orc warrior.
The orc warrior is moderately wounded.
The orc warrior hits you with a dire flail.
* * * LOW HITPOINT WARNING * * *
You hit the orc warrior.
The orc warrior is heavily wounded.
The orc warrior hits you with a dire flail!
You die...

#_......._ #_........
###.........
#⌠..........
######.8.........
##∩___......###...
###∩........8.# #.8.
##.............###...
#⌠.o@.......###...###
#⌠..........# #.<.# #
#⌠..........###...###
##.............###...
###∩........8.# #.8.
##∩___......###...
######.8.........
#⌠.......)..
###.........


You could see an orc warrior.

Vanquished Creatures
  An orc priest (D)
  2 orcs (D)
3 creatures vanquished.

Notes
Turn   | Place    | Note
--------------------------------------------------------------
     0 | D        | Monkaria, the Hill Orc Fighter, began the quest for the Orb.
     0 | D        | Reached XP level 1. HP: 19/19 MP: 1/1
     1 | D        | Found a bloodstained altar of Trog.
     2 | D        | Found a burning altar of Makhleb.
     2 | D        | Found a viscous altar of Jiyva.
     3 | D        | Found a sacrificial altar of Ru.
     3 | D        | Found a glowing golden altar of the Shining One.
     4 | D        | Found a snail-covered altar of Cheibriados.
     4 | D        | Found a blossoming altar of Fedhas.
     4 | D        | Found Oreot's Staff Store.
     4 | D        | Found Deitag's Must-Have Magic.
     5 | D        | Found Shrin's Distillery.
     5 | D        | Round 1.
     8 | D        | Found Anapsij's Magic Scroll Shop.
     9 | D        | Found a basalt altar of Yredelemnul.
    10 | D        | Found Bossorpha's Magic Scroll Shop.
    21 | D        | Found a corrupted altar of Lugonu.
    27 | D        | Found Secatia's Distillery.
    31 | D        | Noticed an orc priest
    31 | D        | Reached skill level 4 in Fighting
    32 | D        | Found an ancient bone altar of Kikubaaqudgha.
    32 | D        | Found a shadowy altar of Dithmenos.
    32 | D        | Found a white marble altar of Elyvilon.
    33 | D        | Found Uliedieg's Bottled Wisdom.
    33 | D        | Found Ehonk's Do-It-Yourself Clinic.
    37 | D        | Killed an orc priest
    37 | D        | Reached skill level 5 in Fighting
    37 | D        | Reached skill level 7 in Axes
    37 | D        | Reached XP level 2. HP: 22/29 MP: 2/2
    37 | D        | Reached XP level 3. HP: 27/36 MP: 3/3
    52 | D        | Found a glowing silver altar of Zin.
    54 | D        | Found a radiant altar of Vehumet.
    54 | D        | Found a stormy altar of Qazlal.
    54 | D        | Found Wiagel's Weapon Rack.
    54 | D        | Found Klome's Basic Armour.
    66 | D        | Found Lear's Premium Goods.
    66 | D        | Found Ofutub's Miscellaneous Merchandise.
    83 | D        | Found a deep blue altar of Sif Muna.
    86 | D        | Found a sparkling altar of Nemelex Xobeh.
    86 | D        | Found a shimmering altar of Xom.
    86 | D        | Found Vadoar's Identification Station.
    86 | D        | Found Cleaj Skuda's Advanced Armour.
    88 | D        | Found Klimam's Jewellery.
    88 | D        | Found an opulent altar of Gozag.
    89 | D        | Found an iron altar of Okawaru.
    90 | D        | Found Xomekheh's Bee Food.
    99 | D        | Bought a brightly glowing bronze ring for 45 gold pieces
    99 | D        | Bought a twitching golden ring for 45 gold pieces
    99 | D        | Bought a heavily runed golden ring for 45 gold pieces
    99 | D        | Identified the ring of the Dolphin {Wiz Int+3} (You bought it in a shop in the Dungeon)
   100 | D        | Identified the ring "Twaij" {Str+2 Int+6} (You bought it in a shop in the Dungeon)
   102 | D        | Identified the ring of the Evening {rC+ rN+ Dex+2} (You bought it in a shop in the Dungeon)
   103 | D        | Noticed an orc warrior
   114 | D        | Slain by an orc warrior

Action                   || total
-------------------------++-------
Melee: War axe           ||    23
